 Dungeon Crawl Stone Soup version 0.20-a0-903-g7e3609c (webtiles) character file.

161154 FrozenPanda the Nimble (level 18, -3/127 HPs)
             Began as a Halfling Fighter on Mar 20, 2017.
             Was the Champion of Cheibriados.
             Slain by a ghost moth (7 damage)
             ... on level 4 of the Spider Nest.
             The game lasted 01:25:52 (32525 turns).

FrozenPanda the Nimble (Halfling Fighter)          Turns: 32525, Time: 01:25:53

Health: -3/127     AC:  5    Str: 30 (32) XL:     18   Next: 41%
Magic:  0/27       EV: 27    Int: 23 (27) God:    Cheibriados [******]
Gold:   1232       SH:  3    Dex: 30 (31) Spells: 9/17 levels left

rFire    x . .     SeeInvis .   W - +3 Maxwell's thermic engine {flame, freeze, rF- rC-}
rCold    . . .     Gourm    .   M - +2 chain mail {rPois}
rNeg     . . .     Faith    .   (shield currently unavailable)
rPois    +         Spirit   .   b - +2 helmet
rElec    .         Reflect  +   v - +1 cloak
rCorr    .         Harm     .   O - +2 pair of gloves {archery}
MR       +....                  k - +0 pair of boots
Stlth    ..........             x - +3 amulet of reflection
Regen    0.4/turn               g - ring of protection from cold
MPRegen  0.2/turn               (no ring)

@: corroded, very slow
A: mutation resistance 1, sense surroundings 1
a: Bend Time, Temporal Distortion, Slouch, Step From Time, Renounce Religion


You were on level 4 of the Spider Nest.
You worshipped Cheibriados.
Cheibriados was exalted by your worship.
You were hungry.

You visited 4 branches of the dungeon, and saw 27 of its levels.
You also visited: Sewer.

You collected 2839 gold pieces.
You spent 1607 gold pieces at shops.

Inventory:

Hand Weapons
 J - a +5 arbalest of flaming
 W - the +3 Maxwell's thermic engine (weapon) {flame, freeze, rF- rC-}
   (You took it off a crimson imp on level 9 of the Dungeon)

   It has been specially enchanted to burn those struck by it, causing extra
   injury to most foes and up to half again as much damage against particularly
   susceptible opponents.
   Big, fiery blades are also staple armaments of hydra-hunters.
   It makes you vulnerable to fire.
   It makes you vulnerable to cold.
Missiles
 Z - 179 bolts
Armour
 b - a +2 helmet (worn)
 k - a +0 pair of boots (worn)
 v - a +1 cloak (worn)
 M - a +2 chain mail of poison resistance (worn)
 O - a +2 pair of gloves of archery (worn)
 Q - the +2 leather armour of Korritt {rF+ rCorr SInv}
   (You found it on level 6 of the Dungeon)

   It protects you from fire.
   It lets you see invisible.
   It protects you from acid and corrosion.
Jewellery
 d - an uncursed ring of flight
 g - a ring of protection from cold (right hand)
 x - a +3 amulet of reflection (around neck)
 H - an uncursed ring of resist corrosion
 U - an uncursed ring of see invisible
 Y - an uncursed ring of protection from magic
Wands
 j - a wand of digging (10/24)
 m - a wand of polymorph (7/24)
 N - a wand of iceblast (8/15)
 T - a wand of paralysis (13/24)
 V - a wand of lightning (6/15)
Scrolls
 e - 7 scrolls of immolation
 p - 4 scrolls of remove curse
 t - 9 scrolls of fear
 w - 4 scrolls of blinking
 y - a scroll of holy word
 A - 8 scrolls of teleportation
 B - 8 scrolls of recharging
 F - 9 scrolls of magic mapping
 P - 4 scrolls of amnesia
 R - 3 scrolls of vulnerability
 S - a scroll of fog
Potions
 a - 6 potions of curing
 i - a potion of cancellation
 n - 3 potions of lignification
 o - a potion of flight
 q - a potion of invisibility
 r - 4 potions of mutation
 D - 6 potions of brilliance
 E - 4 potions of haste {!q}
 G - 6 potions of magic
 L - a potion of might
Books
 X - a book of Maledictions

   Spells                             Type                      Level
   a - Corona                         Hexes                        1
   b - Ensorcelled Hibernation        Hexes/Ice                    2
   c - Confuse                        Hexes                        3
   d - Tukima's Dance                 Hexes                        3
   e - Dazzling Spray                 Conjuration/Hexes            3
Miscellaneous
 c - a sack of spiders
 h - a phantom mirror
Comestibles
 f - 14 bread rations
 l - 16 royal jellies
 z - 27 fruits
 K - 4 meat rations


   Skills:
 + Level 12.6 Fighting
   Level 10.5(13.4) Short Blades
 + Level 11.9(13.0) Long Blades
 * Level 12.9 Crossbows
 - Level 11.3 Armour
 + Level 14.5 Dodging
   Level 10.6 Shields
 - Level 12.0 Invocations


You had 9 spell levels left.
You knew the following spells:

 Your Spells              Type           Power        Failure   Level  Hunger
a - Sandblast             Erth           #.....       61%         1    ##.....
c - Confuse               Hex            #.......     98%         3    ####...
s - Sticky Flame          Conj/Fire      #.......     100%        4    #####..


Dungeon Overview and Level Annotations

Branches:
Dungeon (15/15)            Temple (0/1) D:7            Lair (6/6) D:10
 Shoals (0/4) Lair:3       Spider (4/4) Lair:3        Slime (0/5) Lair:6
    Orc (2/2) D:11            Elf (0/3) Orc:2        Vaults (0/5) D:14
 Depths (0/5) D:15

Altars:
Ashenzari
Cheibriados
Elyvilon
Fedhas
Kikubaaqudgha
Nemelex Xobeh
Qazlal
Ru
Trog
Uskayaw
Vehumet
Yredelemnul
The Shining One
Beogh
Jiyva

Shops:
D:5 (   D:14 %   Orc:1 *   Orc:2 *=!(

Annotations:
Lair:6 1 runed door


Innate Abilities, Weirdness & Mutations

You are small and have problems with some larger weapons.
You are somewhat resistant to further mutation.
You passively map a small area around you.


Message History

The entropy weaver misses you.
The entropy weaver completely misses you.
The entropy weaver hits you.
* * * LOW HITPOINT WARNING * * *
Something barely misses you. Something misses you. Something barely misses you.
The entropy weaver mumbles some strange words.
The entropic weave corrodes you!
Put on which piece of jewellery? (? for menu, Esc to quit)
You're wearing all the rings you can.
Remove which one? (? for menu, Esc to cancel) < or
Y - a ring of protection from magic > or
g - a ring of protection from cold You remove your ring of protection from magic.
You feel you are being watched by something.
Something hits you!
* * * LOW HITPOINT WARNING * * *
Something hits you!
* * * LOW HITPOINT WARNING * * *
Something stings you!
You die...

, , * , ,,,,,, * **
,, ,,* *, ## ,,,* *
*, ##. * # ,, #..
######., *** ,
#..##†..#..#### ,
#((@.^.###.^#.. ,
,,##(a(#...#.^..# ,
#.(.(###.†###..#
,..(..#(#†.<^.#..<#
* *
..(.####.....##....#
#... *###.###...###
#(. ###...#., ## * *
##..## * #.


You could see an entropy weaver.

Vanquished Creatures
  Frances (D:14)
  Gastronok (Lair:3)
  2 ghost moths (Spider:3)
  An orc warlord (Orc:2)
  3 emperor scorpions
  3 entropy weavers
  Azrael (D:13)
  A spark wasp (Spider:2)
  Harold (D:10)
  A catoblepas (Lair:6)
  14 hydras
  6 centaur warriors
  A queen ant (Lair:5)
  An ogre mage (D:15)
  13 two-headed ogres
  8 death yaks
  5 orc high priests
  A deep elf knight (D:14)
  A skeletal warrior (D:14)
  An unseen horror (D:13)
  A glowing orange brain (shapeshifter) (Lair:5)
  A harpy (D:14)
  8 orb spiders
  2 wizards (D:15)
  20 wolf spiders
  5 orc knights
  8 orc sorcerers
  6 ugly things
  4 deep elf magi
  5 cyclopes
  3 manticores
  A moth of wrath (Spider:3)
  A guardian serpent (Lair:6)
  14 elephants
  8 black mambas
  2 merfolk sirens (Lair:3)
  A torpor snail (Spider:1)
  17 spiny frogs
  A gargoyle (D:9)
  2 rime drakes
  8 komodo dragons
  13 demonic crawlers
  The ghost of memeslayer420 the Changer, a novice DrTm (D:5)
  An efreet (D:15)
  4 yaktaurs (D:14)
  3 meliai (D:12)
  28 jumping spiders
  14 trolls
  Grinder (D:3)
  A queen bee (D:8)
  9 hornets
  11 hippogriffs
  A harpy skeleton (D:14)
  A hippogriff (shapeshifter) (D:14)
  3 slime creatures (D:14)
  12 blink frogs
  18 tarantellas
  14 wyverns
  49 redbacks
  2 wraiths
  2 water elementals (D:13)
  48 yaks
  4 fire elementals (D:13)
  4 basilisks
  Grum (D:8)
  4 vampire mosquitoes (D:14)
  Menkaure (D:4)
  A harpy simulacrum (D:15)
  6 wargs
  7 soldier ants
  6 acid dragons
  7 swamp worms (D:12)
  3 hell hounds (D:13)
  10 porcupines
  28 water moccasins
  8 ice beasts
  3 sky beasts
  48 orc warriors
  2 eyes of draining (D:9)
  3 phantoms
  22 ogres
  4 centaurs
  3 wolves (D:8)
  14 crocodiles
  Blork the orc (D:5)
  3 big kobolds
  A wyvern zombie (D:9)
  19 bullfrogs
  2 scorpions
  28 killer bees
  23 wights
  7 electric eels (D:13)
  3 howler monkeys (D:13)
  6 crimson imps
  3 bullfrog zombies (D:13)
  5 centaur zombies
  A hound (D:12)
  2 quasits
  5 jellies
  9 centaur skeletons
  40 orc priests
  A bullfrog skeleton (D:9)
  A gnoll shaman (D:4)
  2 iguanas
  Ijyb (D:3)
  Natasha (thrice) (D:3 D:5)
  25 orc wizards
  15 worker ants
  A hound zombie (D:6)
  3 hound skeletons
  A howler monkey skeleton (D:6)
  8 gnolls
  16 adders
  4 river rats
  A shadow imp (D:7)
  3 oozes
  An adder skeleton (D:4)
  17 worms
  A dart slug (D:6)
  11 leopard geckos
  130 orcs
  7 bats
  12 giant cockroaches
  5 goblins
  7 hobgoblins
  17 jackals
  18 kobolds
  8 quokkas
  14 ball pythons
  6 frilled lizards
  2 jackal skeletons (D:5)
  A leopard gecko zombie (D:5)
  32 rats
  A fungus (Lair:6)
1142 creatures vanquished.

Vanquished Creatures (collateral kills)
  A komodo dragon (Lair:3)
  2 water moccasins (Lair:3)
3 creatures vanquished.

Vanquished Creatures (others)
  A wolf spider (Spider:4)
  A howler monkey (D:13)
  2 orc wizards
  6 fungi
  23 plants
33 creatures vanquished.

Grand Total: 1178 creatures vanquished

Notes
Turn   | Place    | Note
-------+----------+-------------------------------------------
     0 | D:1      | FrozenPanda the Halfling Fighter began the quest for the Orb.
     0 | D:1      | Reached XP level 1. HP: 15/15 MP: 1/1
    86 | D:1      | Reached XP level 2. HP: 21/21 MP: 2/2
   421 | D:1      | Reached XP level 3. HP: 22/26 MP: 3/3
   950 | D:2      | Found a basalt altar of Yredelemnul.
   951 | D:2      | Found a radiant altar of Vehumet.
   951 | D:2      | Found a blossoming altar of Fedhas.
   965 | D:2      | Found an ancient bone altar of Kikubaaqudgha.
   965 | D:2      | Found a stormy altar of Qazlal.
   970 | D:2      | Found a snail-covered altar of Cheibriados.
   970 | D:2      | Found a shattered altar of Ashenzari.
   973 | D:2      | Found a white marble altar of Elyvilon.
   980 | D:2      | Became a worshipper of Cheibriados the Contemplative
   994 | D:2      | Found a glowing golden altar of the Shining One.
  1419 | D:2      | Reached XP level 4. HP: 31/31 MP: 4/4
  1428 | D:2      | Found a basalt altar of Yredelemnul.
  1492 | D:2      | Reached * piety under Cheibriados
  1510 | D:2      | Reached skill level 1 in Dodging
  2169 | D:3      | Noticed Ijyb
  2179 | D:3      | Reached skill level 1 in Invocations
  2187 | D:3      | Reached XP level 5. HP: 22/36 MP: 5/5
  2199 | D:3      | Killed Ijyb
  2199 | D:3      | Reached skill level 2 in Dodging
  2436 | D:3      | Noticed Natasha
  2439 | D:3      | Killed Natasha
  2452 | D:3      | Reached ** piety under Cheibriados
  2452 | D:3      | Reached XP level 6. HP: 35/42 MP: 7/7
  2613 | D:3      | Found a sparkling altar of Nemelex Xobeh.
  2613 | D:3      | Noticed Grinder
  2614 | D:3      | Gained mutation: You passively map a small area around you. [potion of mutation]
  2634 | D:3      | Killed Grinder
  2634 | D:3      | Reached XP level 7. HP: 40/47 MP: 8/8
  2655 | D:3      | Noticed Natasha
  2668 | D:3      | Killed Natasha
  2982 | D:4      | Noticed Menkaure
  3326 | D:4      | HP: 1/47 [Menkaure (12)]
  3328 | D:4      | Killed Menkaure
  3328 | D:4      | Reached skill level 3 in Dodging
  3768 | D:4      | Reached *** piety under Cheibriados
  3823 | D:4      | Reached skill level 5 in Armour
  3823 | D:4      | Reached XP level 8. HP: 26/54 MP: 10/10
  4340 | D:5      | Entered Level 5 of the Dungeon
  4368 | D:5      | Reached skill level 5 in Short Blades
  4401 | D:5      | Found Cotsisew's Weapon Boutique.
  4430 | D:5      | Noticed memeslayer420's ghost (novice DrTm)
  4435 | D:4      | Reached skill level 4 in Dodging
  4540 | D:5      | Noticed Blork the orc
  4541 | D:5      | Found a glowing drain.
  4554 | D:5      | Reached skill level 5 in Shields
  4568 | D:5      | Killed Blork the orc
  4591 | Sewer    | Entered a sewer
  4789 | Sewer    | Reached **** piety under Cheibriados
  5021 | Sewer    | Reached ***** piety under Cheibriados
  5182 | D:5      | Killed memeslayer420's ghost
  5182 | D:5      | Reached XP level 9. HP: 21/60 MP: 6/12
  5201 | D:5      | Noticed Natasha
  5206 | D:5      | Killed Natasha
  5452 | D:5      | Reached skill level 5 in Fighting
  5573 | D:5      | Identified the Incunabulum of Fiery Intoxication
  5728 | D:6      | Reached skill level 5 in Dodging
  5917 | D:6      | Reached skill level 5 in Invocations
  5963 | D:6      | Found a snail-covered altar of Cheibriados.
  5973 | D:6      | Learned a level 4 spell: Sticky Flame
  6611 | D:6      | Got an ancient leather armour
  6612 | D:6      | Identified the +2 leather armour of Korritt {rF+ rCorr SInv} (You found it on level 6 of the Dungeon)
  7089 | D:6      | Reached XP level 10. HP: 66/66 MP: 14/14
  7296 | D:7      | Found a staircase to the Ecumenical Temple.
  7646 | D:7      | Reached skill level 6 in Dodging
  7902 | D:7      | Reached ****** piety under Cheibriados
  7934 | D:7      | Found a sacrificial altar of Ru.
  8426 | D:8      | Noticed Grum
  8440 | D:8      | Killed Grum
  8671 | D:8      | Learned a level 1 spell: Sandblast
  8685 | D:8      | Reached skill level 7 in Dodging
  9265 | D:7      | Found a bloodstained altar of Trog.
  9265 | D:7      | Found a hide-covered altar of Uskayaw.
  9412 | D:8      | Reached XP level 11. HP: 55/74 MP: 16/16
  9644 | D:9      | Noticed a two-headed ogre
  9654 | D:9      | Killed a two-headed ogre
  9830 | D:9      | Noticed a two-headed ogre
  9851 | D:9      | Killed a two-headed ogre
  9963 | D:9      | Identified a scroll of acquirement
  9964 | D:9      | Got a bloodstained plate armour
  9982 | D:9      | Identified the +0 plate armour "Ecatz" {Regen+ Dex+4 Stlth+} (You acquired it on level 9 of the Dungeon)
 10717 | D:10     | Entered Level 10 of the Dungeon
 10772 | D:10     | Noticed a death yak
 10787 | D:9      | Reached skill level 8 in Dodging
 10798 | D:10     | Noticed a death yak
 10798 | D:10     | Noticed a death yak
 10800 | D:10     | Noticed a death yak
 10800 | D:10     | Noticed a death yak
 10819 | D:9      | Killed a death yak
 10865 | D:10     | Noticed a death yak
 10925 | D:9      | Killed a death yak
 11080 | D:9      | Noticed a two-headed ogre
 11080 | D:9      | Killed a death yak
 11080 | D:9      | Reached XP level 12. HP: 54/81 MP: 14/18
 11108 | D:9      | Killed a death yak
 11124 | D:9      | Killed a two-headed ogre
 11199 | D:9      | Killed a death yak
 11199 | D:9      | Reached skill level 10 in Short Blades
 11472 | D:10     | Found a staircase to the Lair.
 11528 | D:10     | Noticed Harold
 11552 | D:10     | Killed Harold
 11907 | Lair:1   | Entered Level 1 of the Lair of Beasts
 12732 | Lair:1   | Learned a level 3 spell: Confuse
 12771 | Lair:1   | Reached skill level 9 in Dodging
 13917 | Lair:2   | Reached skill level 10 in Shields
 14124 | Lair:2   | Reached skill level 1 in Long Blades
 14487 | Lair:3   | Reached XP level 13. HP: 81/88 MP: 19/19
 14787 | Lair:3   | Found a hole to the Spider Nest.
 14923 | Lair:3   | Found a staircase to the Shoals.
 14928 | Lair:3   | Noticed a six-headed hydra
 15051 | Lair:3   | Noticed Sonja
 15053 | Lair:3   | Noticed Sonja
 15053 | Lair:3   | Sonja changed into Sonja the hornet
 15059 | Lair:3   | Killed Sonja the hornet
 15080 | Lair:3   | Noticed Gastronok
 15197 | Lair:3   | Killed Gastronok
 15316 | Lair:3   | Killed a one-headed hydra
 15316 | Lair:3   | Reached skill level 10 in Dodging
 15749 | Lair:4   | Reached skill level 10 in Invocations
 15766 | Lair:4   | Noticed a four-headed hydra
 15774 | Lair:4   | Killed a one-headed hydra
 15804 | Lair:4   | Noticed a five-headed hydra
 15812 | Lair:4   | Killed a one-headed hydra
 15834 | Lair:4   | Noticed a seven-headed hydra
 15841 | Lair:4   | Killed a three-headed hydra
 16024 | Lair:4   | Noticed a four-headed hydra
 16030 | Lair:4   | Killed a one-headed hydra
 16546 | Lair:5   | Noticed a seven-headed hydra
 16553 | Lair:5   | Killed a four-headed hydra
 16621 | Lair:5   | Reached skill level 5 in Long Blades
 16654 | Lair:5   | Reached skill level 10 in Armour
 16654 | Lair:5   | Reached XP level 14. HP: 97/97 MP: 21/21
 16832 | Lair:5   | Noticed Nessos
 16838 | Lair:5   | Noticed Nessos
 16838 | Lair:5   | Nessos changed into Nessos the glowing shapeshifter
 16839 | Lair:5   | Noticed Nessos
 16839 | Lair:5   | Nessos the glowing shapeshifter changed into Nessos the eye of devastation
 16839 | Lair:5   | Noticed Nessos
 16839 | Lair:5   | Nessos the eye of devastation changed into Nessos the glowing shapeshifter
 16854 | Lair:5   | Noticed Nessos
 16861 | Lair:5   | Killed Nessos the glowing orange brain
 17259 | Lair:5   | Noticed an entropy weaver
 17262 | Lair:5   | Noticed an entropy weaver
 17271 | Lair:5   | Killed an entropy weaver
 17274 | Lair:5   | Killed an entropy weaver
 17587 | Lair:5   | Reached skill level 11 in Dodging
 17816 | Lair:6   | Entered Level 6 of the Lair of Beasts
 18198 | Lair:6   | Found a runed door.
 18198 | Lair:6   | Found a viscous altar of Jiyva.
 18198 | Lair:6   | Found a staircase to the Slime Pits.
 18274 | Lair:6   | Reached skill level 10 in Fighting
 18274 | Lair:6   | Reached XP level 15. HP: 76/103 MP: 23/23
 19915 | D:11     | Reached skill level 1 in Crossbows
 20178 | D:11     | Found a staircase to the Orcish Mines.
 20245 | D:11     | Found a white marble altar of Elyvilon.
 20488 | Orc:1    | Entered Level 1 of the Orcish Mines
 20955 | Orc:2    | Entered Level 2 of the Orcish Mines
 21231 | Orc:2    | Reached skill level 12 in Dodging
 21633 | Orc:1    | Found Rorphic's General Store.
 21725 | Orc:1    | Bought 18 bolts for 43 gold pieces
 21725 | Orc:1    | Bought a +3 amulet of reflection for 188 gold pieces
 21725 | Orc:1    | Bought a potion of mutation for 96 gold pieces
 21725 | Orc:1    | Bought a scroll of teleportation for 36 gold pieces
 21725 | Orc:1    | Bought a scroll of fear for 42 gold pieces
 21725 | Orc:1    | Bought a potion of agility for 48 gold pieces
 21725 | Orc:1    | Bought 20 bolts for 48 gold pieces
 21888 | Orc:2    | Paralysed by an orc sorcerer for 2 turns
 21923 | Orc:2    | Found a roughly hewn altar of Beogh.
 21930 | Orc:2    | Found Kampiuxt's Jewellery Emporium.
 22169 | Orc:2    | Bought an uncursed ring of protection from cold for 350 gold pieces
 22331 | Orc:2    | Noticed an orc warlord
 22333 | Orc:2    | Found a roughly hewn altar of Beogh.
 22340 | Orc:2    | Killed an orc warlord
 22551 | Orc:2    | Found Vupuffoo's Distillery.
 22599 | Orc:2    | Reached skill level 5 in Crossbows
 22610 | Orc:2    | Reached XP level 16. HP: 62/111 MP: 25/25
 22818 | Orc:2    | Found Wekhlol's Weapon Shop.
 22973 | Orc:2    | Found a staircase to the Elven Halls.
 23247 | Orc:2    | Reached skill level 10 in Long Blades
 23289 | Orc:2    | Found Nuraxtev's Assorted Antiques.
 23294 | Orc:2    | Bought a potion of lignification for 72 gold pieces
 23294 | Orc:2    | Bought a twisted scale mail for 216 gold pieces
 23294 | Orc:2    | Bought a scroll of blinking for 180 gold pieces
 23294 | Orc:2    | Bought a potion of curing for 72 gold pieces
 23294 | Orc:2    | Bought a fine ring mail for 216 gold pieces
 23306 | Orc:2    | Identified the +3 scale mail of Autumn {MP+9} (You bought it in a shop on level 2 of the Orcish Mines)
 23326 | Orc:2    | Identified the cursed +1 ring mail of Poharis {Str+4 Dex+3} (You bought it in a shop on level 2 of the Orcish Mines)
 24999 | D:13     | Noticed Azrael
 25011 | D:13     | Killed Azrael
 26025 | D:14     | Found Luem's Food Shoppe.
 26250 | D:14     | Noticed Frances
 26257 | D:14     | Killed Frances
 26257 | D:14     | Reached skill level 13 in Dodging
 26463 | D:14     | Found a gate to the Vaults.
 27254 | D:14     | Reached XP level 17. HP: 119/119 MP: 26/26
 27765 | D:15     | Entered Level 15 of the Dungeon
 28247 | D:15     | Reached skill level 10 in Crossbows
 28405 | D:15     | Found a staircase to the Depths.
 29276 | Spider:1 | Entered Level 1 of the Spider Nest
 30334 | Spider:2 | Reached skill level 14 in Dodging
 31069 | Spider:3 | Reached XP level 18. HP: 100/126 MP: 27/27
 31235 | Spider:3 | Got a jet-studded leather armour
 31236 | Spider:3 | Identified the +0 leather armour "Pukism" {rF+} (You found it on level 3 of the Spider Nest)
 32307 | Spider:4 | Entered Level 4 of the Spider Nest
 32525 | Spider:4 | HP: 4/127 [something (12)]
 32525 | Spider:4 | Slain by a ghost moth

Vault maps used:
D:1:      ncdulo_lavacross
D:2:      grunt_temple_overflow_open, tso_metal_star, first_bread,
          yredelemnul_altar_generic
D:3:      nemelex_xobeh_ov_fountains_minmay, minmay_cut_off, uniq_grinder,
          uniq_natasha, uniq_iyjb
D:4:      uniq_menkaure
D:5:      gup_sewer_entry_bowl, serial_shops, nicolae_shop_behind_doors,
          uniq_blork_the_orc
D:6:      kennysheep_slug_shrine
D:7:      old_standard_altar, nicolae_overflow_hidden_temple,
          minmay_temple_entry_fiery
D:8:      david_nohive_1, uniq_grum
D:10:     dpeg_lair_monsters, uniq_harold
D:11:     orc_0_dummy, basic_altar
D:12:     corexii_leaking_fountain, worms_lemuel
D:13:     serial_bayou, serial_bayou_lake_a, serial_bayou_pond_c,
          serial_bayou_shore_a, serial_bayou_shore_b, uniq_azrael
D:14:     minmay_open_boxes_in_corner, hangedman_vaults_entry_quadrant_bands,
          serial_park_gazebo, serial_shops, nicolae_shop_stone, st_stairs_13,
          uniq_frances
D:15:     grunt_enter_depths_magical_seal, nicolae_two_hexagons
Lair:1:   grunt_megastairs_5
Lair:2:   serial_bayou_pond_c
Lair:3:   elwin_shoals_entry_rooms, dummy_spider_entry, minivault_11,
          st_stairs_6, beast_lair_carwin_2, lemuel_fruit_fields, uniq_sonja,
          uniq_gastronok
Lair:5:   st_stairs_9, nicolae_lair_grove_arrangements, wad_woods_antlair,
          grunt_megastairs_2, uniq_nessos
Lair:6:   hangedman_lair_tendril_chambers, slime_altar_2
Spider:1: spider_trap
Spider:4: guppyfry_spider_rune
Orc:1:    serial_shops, shop, statue_in_the_mist_lemuel
Orc:2:    pubby_orc_utopia
Sewer:    sewer_minmay_w

Skill      XL: |  1  2  3  4  5  6  7  8  9 10 11 12 13 14 15 16 17 18 |
---------------+-------------------------------------------------------+-----
Fighting       | 3 4 5 6 7 8 9 10 11 12 | 12.6
Short Blades   | 3 4 6 7 8 9 10 | 10.5
Dodging        | 1 2 3 4 5 7 8 9 10 11 12 13 14 | 14.5
Armour         | 4 5 6 7 8 10 11 | 11.3
Invocations    | 1 2 3 4 5 7 8 9 10 11 12 | 12.0
Shields        | 4 5 6 7 9 10 | 10.6
Long Blades    | 1 5 8 9 10 11 | 11.9
Crossbows      | 5 9 11 12 | 12.9

Action                   |  1- 3 |  4- 6 |  7- 9 | 10-12 | 13-15 | 16-18 || total
-------------------------+-------+-------+-------+-------+-------+-------++-------
Melee: Rapier            |   123 |       |       |       |       |       ||   123
       Short sword       |    14 |   153 |   553 |   999 |       |       ||  1719
       Dagger            |       |       |       |    27 |       |       ||    27
       Scimitar          |       |       |       |    69 |   102 |       ||   171
       Double sword      |       |       |       |       |   664 |   532 ||  1196
 Fire: Arbalest          |       |       |       |       |       |   421 ||   421
Invok: Bend Time         |       |       |     6 |    13 |     5 |       ||    24
       Temporal Distorti |       |       |     2 |     1 |     3 |     2 ||     8
       Slouch            |       |       |       |     1 |     8 |     3 ||    12
Evoke: Wand              |       |       |       |       |     5 |     2 ||     7
  Use: Potion            |       |     5 |     3 |     4 |     7 |     8 ||    27
       Scroll            |       |     1 |    17 |    13 |    16 |    12 ||    59
 Stab: Sleeping          |       |       |       |     3 |     2 |     4 ||     9
       Distracted        |       |       |       |       |     2 |     2 ||     4
  Eat: Chunk             |     2 |     2 |     9 |     8 |    16 |    11 ||    48
       Meat ration       |       |       |       |     4 |       |     1 ||     5
       Royal jelly       |       |       |       |       |       |     1 ||     1
Armor: Scale mail        |    55 |    51 |    96 |       |       |       ||   202
       Leather armour    |       |       |     5 |    18 |    59 |    81 ||   163
       Skin              |       |       |       |    17 |       |       ||    17
       Plate armour      |       |       |       |   109 |   181 |       ||   290
       Chain mail        |       |       |       |       |       |   220 ||   220
Dodge: Dodged            |    55 |    53 |   284 |   434 |  1059 |  1251 ||  3136
Block: Shield            |    78 |    68 |   358 |   643 |    91 |       ||  1238
       Other             |       |       |       |       |    12 |   129 ||   141
       Reflection        |       |       |       |       |     1 |     4 ||     5
       Rpst.: Scimitar   |       |       |       |    20 |    12 |       ||    32
       Double sword      |       |       |       |       |   245 |   175 ||   420
